 Dungeon Crawl Stone Soup version 0.27-a0-1202-ge72e49191c (webtiles) character file.

Game seed: 10807421827493691847

142 kae the Skirmisher (level 5, 0/42 HPs)
             Began as a Demonspawn Abyssal Knight on June 3, 2021.
             Was a Believer of Lugonu.
             Succumbed to a killer bee's poison
             ... on level 4 of the Dungeon.
             The game lasted 00:02:39 (3950 turns).

kae the Skirmisher (Demonspawn Abyssal Knight)      Turns: 3950, Time: 00:02:39

Health: 0/42       AC: 10    Str: 14    XL:     5   Next: 4%
Magic:  6/6        EV:  4    Int: 13    God:    Lugonu [**....]
Gold:   159        SH:  0    Dex: 12    Spells: 4/4 levels left

rFire    + . .     SeeInvis .   a - +1 falchion
rCold    + . .     Faith    .   (no shield)
rNeg     . . .     Spirit   .   i - +0 plate armour
rPois    +         Reflect  .   (no helmet)
rElec    +         Harm     .   (no cloak)
rCorr    +         Rampage  .   (no gloves)
Will     .....                  (no boots)
Stlth    ..........             (no amulet)
HPRegen  0.14/turn              (no ring)
MPRegen  0.10/turn              (no ring)

@: lethally poisoned (0 -> -3), resistant, attractive, flying
A: hooves 2, demonic magic 1
a: Renounce Religion, Depart the Abyss, Bend Space


You were on level 4 of the Dungeon.
You worshipped Lugonu.
Lugonu was pleased with you.
You visited 1 branch of the dungeon, and saw 4 of its levels.
You visited the Abyss 1 time.

You collected 159 gold pieces.

Inventory:

Hand Weapons
 a - a +1 falchion (weapon)
Armour
 b - a +1 leather armour
 i - a +0 plate armour (worn)
Jewellery
 k - an amulet of reflection
 n - a ring of willpower
Wands
 g - a wand of flame (8)
Scrolls
 f - a scroll of immolation
 h - 2 scrolls of enchant armour
 j - a scroll of teleportation
Potions
 m - a potion of flight


   Skills:
 + Level 4.0 Fighting
 * Level 4.0 Long Blades
 - Level 1.7 Armour
 - Level 0.8 Dodging
 - Level 2.4 Invocations


You had 4 spell levels left.
You didn't know any spells.
Your spell library contained the following spells:

 Spells                   Type           Power      Damage    Failure   Level
 Animate Skeleton         Necr           0%         N/A       100%        1
 Apportation              Tloc           0%         N/A       100%        1
 Corona                   Hex            0%         N/A       100%        1
 Shock                    Conj/Air       0%         1d3       100%        1
 Summon Small Mammal      Summ           0%         N/A       100%        1
 Ensorcelled Hibernation  Hex/Ice        0%         N/A       100%        2
 Static Discharge         Conj/Air       0%         N/A       100%        2
 Confusing Touch          Hex            0%         N/A       100%        3
 Dazzling Flash           Conj/Hex       0%         N/A       100%        3
 Swiftness                Air            0%         N/A       100%        3
 Tukima's Dance           Hex            0%         N/A       100%        3
 Airstrike                Air            0%         N/A       100%        4
 Lightning Bolt           Conj/Air       0%         1d11      100%        5


Dungeon Overview and Level Annotations

Branches:
Dungeon (4/15)
 Temple: D:4-7

Altars:
Qazlal

Annotations:
D:4 Dowan, Duvessa


Innate Abilities, Weirdness & Mutations

You have hoof-like feet.
Spells you cast may paralyse adjacent enemies.


Message History

The killer bee stings you but does no damage.
The killer bee barely misses you.
You miss the killer bee. You kick the killer bee.
The killer bee is heavily wounded.
The killer bee stings you but does no damage.
The killer bee stings you. x2
You are poisoned.
The killer bee poisons you!
You miss the killer bee.
The killer bee is heavily wounded.
You feel very sick.
The killer bee stings you but does no damage.
The killer bee stings you!
It was a potion of attraction.
You feel attractive to monsters.
You feel sick. The killer bee barely misses you.
The killer bee stings you but does no damage.
You feel better.
The killer bee stings you but does no damage. x2
As you read the scroll of fear, it crumbles to dust.
You assume a fearsome visage.
The killer bee looks frightened! x3
The killer bee is pulled toward you! x4
You miss the killer bee. The killer bee stings you.
You are poisoned.
The killer bee poisons you!
The killer bee stings you but does no damage. x2
The killer bee is pulled toward you! x3
You closely miss the killer bee.
You feel sick. The killer bee stings you.
* * * LOW HITPOINT WARNING * * *
The killer bee stings you!
* * * LOW HITPOINT WARNING * * *
The killer bee is pulled toward you! x2
You barely miss the killer bee.
* * * LOW HITPOINT WARNING * * *
You feel sick.
The killer bee stings you but does no damage.
The killer bee closely misses you. The killer bee is pulled toward you! x2
Okay, then.
You feel protected.
You die...

### ##.## ###...###
##.......# ####.......##
###..#.....##.#
#@yy...#......##
###.y..#.......# #.# ##
#...####..<....#
...###.#####......####..##
.....#..##..y.##....##...#
#.......####y####......†.#
#.......###y# #...#....#
............####........##
#...................##.


You could see 3 killer bees.

Vanquished Creatures
  A jelly (D:3)
  2 adders (D:4)
  A worm (D:2)
  A dart slug (D:2)
  6 orcs (D:3)
  5 endoplasms
  4 giant cockroaches
  6 goblins
  4 hobgoblins
  9 jackals
  7 kobolds
  3 quokkas
  10 ball pythons
  4 bats
  6 frilled lizards
  15 rats
84 creatures vanquished.

Vanquished Creatures (others)
  A plant (D:1)
1 creature vanquished.

Grand Total: 85 creatures vanquished

Notes
Turn   | Place    | Note
-------+----------+-------------------------------------------
     0 | Abyss:1  | kae the Demonspawn Abyssal Knight began the quest for the
                  | Orb.
     0 | Abyss:1  | Reached XP level 1. HP: 18/18 MP: 2/2
   132 | Abyss:1  | Noticed a large abomination
   133 | D:1      | Escaped the Abyss
   340 | D:1      | Reached * piety under Lugonu
   341 | D:1      | Gained mutation: You have large cloven feet. [demonic
                  | ancestry]
   341 | D:1      | Reached XP level 2. HP: 15/24 MP: 3/3
  1393 | D:1      | Reached XP level 3. HP: 28/29 MP: 4/4
  1847 | D:2      | Found a faded altar of an unknown god.
  2163 | D:2      | Reached ** piety under Lugonu
  2393 | D:3      | Found a stormy altar of Qazlal.
  2474 | D:3      | Gained mutation: Spells you cast may paralyse adjacent
                  | enemies. [demonic ancestry]
  2474 | D:3      | Reached XP level 4. HP: 31/37 MP: 5/5
  3227 | D:4      | Noticed Duvessa
  3558 | D:4      | Noticed Dowan
  3920 | D:4      | Gained mutation: You have hoof-like feet. [demonic
                  | ancestry]
  3920 | D:4      | Reached XP level 5. HP: 42/42 MP: 6/6
  3949 | D:4      | HP: 1/42 [poisoned by a killer bee]
  3950 | D:4      | Succumbed to a killer bee's poison

Illustrated notes

Levels and vault maps discovered:
D:1:      minmay_arrival_wavy_path, layout_loops_ring, serial_forest,
          infiniplex_forest_clump_diagonal, infiniplex_forest_lined_room_2,
          infiniplex_forest_corner_2, infiniplex_forest_lined_room_2,
          infiniplex_forest_zigzag_1, minmay_pentomino_t2
D:2:      layout_rooms, ebering_ecumenical_altar_box, minmay_rat_gold_closets,
          uniq_crazy_yiuf_cottage
D:3:      layout_loops_ring, old_standard_altar
D:4:      layout_cave_pools, minmay_temple_entry_grid, nrook_uturn, uniq_duvessa

Skill      XL: |  1  2  3  4 |
---------------+-------------+-----
Long Blades    | 2 3 4 |  4.0
Fighting       | 4 |  4.0
Armour         | |  1.7
Dodging        | |  0.8
Invocations    | |  2.4

Action                   |  1- 3 |  4- 6 || total
-------------------------+-------+-------++-------
Melee: Falchion          |   164 |    80 ||   244
       Kick              |    35 |    19 ||    54
Invok: Depart the Abyss  |     1 |       ||     1
       Bend Space        |       |     1 ||     1
  Use: Scroll            |     7 |     2 ||     9
       Potion            |       |     4 ||     4
 Stab: Sleeping          |     1 |       ||     1
Armor: Leather armour    |    66 |       ||    66
       Plate armour      |       |    77 ||    77
Dodge: Dodged            |   106 |    19 ||   125
       Rpst.: Falchion   |    33 |     4 ||    37

Table legend: (Time is in decaauts)
 A = Elapsed time spent in this place.
 B = Non-inter-level travel time spent in this place.
 C = Inter-level travel time spent in this place.
 D = Time resting spent in this place.
 E = Time spent auto-exploring this place.
 F = Levels seen in this place.
 G = Mean time per level.
                   A        B        C        D        E       F      G
               +--------+--------+--------+--------+--------+-----+--------+
         Total |   3988 |   3849 |    139 |    533 |   2727 |   5 |  797.6 |
       Dungeon |   3855 |   3716 |    139 |    533 |   2595 |   4 |  963.8 |
         Abyss |    133 |    133 |      0 |      0 |    132 |   1 |  133.0 |
               +--------+--------+--------+--------+--------+-----+--------+

Top non-repeatable levels by time:
     D:3: 1473 daAuts
     D:1: 1396 daAuts
     D:2: 803 daAuts
     D:4: 182 daAuts
 Abyss:1: 133 daAuts
